 Dungeon Crawl Stone Soup version 0.30-a0-358-g0d69a1922f (webtiles) character file.

Game seed: 14091047720721729005

6234 p00ps00p the Cleaver (level 10, -4/79 (94) HPs)
             Began as a Hill Orc Fighter on Nov 9, 2022.
             Was an Initiate of Gozag.
             Killed from afar by an orc sorcerer (33 damage)
             ... with a bolt of negative energy
             ... while paralysed by an orc sorcerer
             ... on level 9 of the Dungeon.
             The game lasted 00:22:29 (11382 turns).

p00ps00p the Cleaver (Hill Orc Fighter)            Turns: 11382, Time: 00:22:31

HP:   -4/79 (94)    AC: 15    Str: 24    XL:     10   Next: 93%
MP:   10/10         EV:  2    Int:  8    God:    Gozag
Gold: 1295          SH:  0    Dex: 16    Spells: 9/9 levels left

rFire   . . .      SeeInvis .    I - +5 hand axe
rCold   . . .      Faith    .    c - +3 buckler
rNeg    . . .      Spirit   .    b - +0 scale mail
rPois   .          Reflect  .    o - +1 helmet
rElec   .          Harm     .    y - +0 cloak
rCorr   +          Rampage  .    e - +0 pair of gloves
Will    .....                    q - +0 pair of boots
Stlth   ..........               (no amulet)
HPRegen 0.33/turn                t - +6 ring of dexterity
MPRegen 0.12/turn                n - ring of resist corrosion

@: paralysed, heavily drained
A: no striking features
a: Renounce Religion, Potion Petition, Call Merchant, Bribe Branch


You were on level 9 of the Dungeon.
You worshipped Gozag.
Gozag was most pleased with you.
You visited 3 branches of the dungeon, and saw 11 of its levels.
You also visited: Ossuary.

You collected 1424 gold pieces.
You paid 129 gold pieces to Gozag.

Inventory:

Hand Weapons
 a - a +0 war axe
 d - a +2 short sword of flaming
 h - a +6 flail of draining
 I - a +5 hand axe (weapon)
Missiles
 j - 2 javelins
 p - 3 datura-tipped darts (quivered)
Armour
 b - a +0 scale mail (worn)
 c - a +3 buckler (worn)
 e - a +0 pair of gloves (worn)
 o - a +1 helmet (worn)
 q - a +0 pair of boots (worn)
 y - a +0 cloak (worn)
Jewellery
 g - a ring of ice
 k - a ring of magical power
 n - a ring of resist corrosion (right hand)
 t - a +6 ring of dexterity (left hand)
 G - a ring of ice
Wands
 B - a wand of roots (15)
 J - a wand of digging (5)
Scrolls
 i - 4 scrolls of amnesia
 m - 3 scrolls of teleportation
 u - 2 scrolls of fear
 x - 6 scrolls of identify
 z - a scroll of blinking {unknown}
 A - a scroll of butterflies
 D - a scroll of poison {unknown}
 F - a scroll of silence {unknown}
Potions
 f - 3 potions of attraction {unknown}
 l - a potion of mutation {unknown}
 r - 3 potions of heal wounds {unknown}
 s - 5 potions of lignification {unknown}
 v - 3 potions of resistance {unknown}
 w - 3 potions of brilliance {unknown}
 E - 3 potions of degeneration {unknown}
 K - a potion of magic {unknown}


   Skills:
 + Level 10.4 Fighting
 + Level 10.9 Axes
 + Level 9.5 Armour
 + Level 9.4 Shields


You had 9 spell levels left.
You didn't know any spells.
Your spell library contained the following spells:

 Spells                   Type           Power      Damage    Failure   Level
 Ensorcelled Hibernation  Hex/Ice        0%         N/A       86%         2
 Anguish                  Hex/Necr       0%         N/A       100%        4
 Animate Armour           Summ/Erth      0%         N/A       100%        4
 Summon Lightning Spire   Summ/Air       0%         N/A       100%        4
 Blade Hands              Tmut           0%         N/A       100%        5
 Iron Shot                Conj/Erth      0%         9d1       100%        6


Dungeon Overview and Level Annotations

Branches:
Dungeon (9/15)             Temple (1/1) D:6            Lair (0/5) D:8
    Orc (1/2) D:9         Ossuary (visited)

Altars:
Ashenzari
Cheibriados
Dithmenos
Elyvilon
Fedhas
Gozag
Hepliaklqana
Kikubaaqudgha
Makhleb
Nemelex Xobeh
Okawaru
Qazlal
Ru
Sif Muna
Trog
Uskayaw
Vehumet
Wu Jian
Xom
Yredelemnul
The Shining One


Message History

The ufetubus closely misses you. You block the ynoxinul's attack.
Aiming: Dig
Press: ? - help, Q - select action, (/) - cycle Shift-Dir - straight line, f - you, p - orc sorcerer Please select a direction to dig.
Okay, then.
You hit the ufetubus.
The ufetubus is lightly wounded.
You hit the ynoxinul. You slash the ufetubus! You hit the orc sorcerer.
The ufetubus closely misses you.
The ufetubus hits you but does no damage.
You block the ufetubus's attack.
The ufetubus hits you but does no damage.
You block the orc sorcerer's attack.
Read: scroll of summoning
Press: ? - help, Q - select action, (/) - cycle Dir - look around, f - activate Look: an orc sorcerer, wielding a +0 dagger and wearing a +0 robe (heavily wounded)
As you read the scroll of summoning, it crumbles to dust.
Wisps of shadow whirl around you... You block the ufetubus's attack.
The ufetubus barely misses you.
Something hits your wight but does no damage.
Something closely misses your wight. You block the ufetubus's attack.
The ufetubus hits you but does no damage.
The ynoxinul barely misses you. You block the ufetubus's attack.
The ufetubus hits you but does no damage.
Something hits your wight. Something barely misses your wight.
The orc sorcerer casts a spell at you.
You suddenly lose the ability to move!
The ufetubus hits you but does no damage. x2
The ynoxinul gestures.
Something barely misses your wight. Something hits your wight.
The ufetubus barely misses you.
The ufetubus hits you but does no damage.
Your bullfrog hits the ufetubus!
The ufetubus dies!
The ufetubus disappears in a puff of smoke!
Your howler monkey barely misses the ufetubus.
The orc sorcerer gestures at you while chanting.
The bolt of negative energy hits you!!
You feel drained.
You die...
Your body crumbles into a pile of gold.

#........#...#.............#...
#........#............[....#...
#........#.................#...
#####....#.................#...
#........#...##########....#...
#........#####.....Y.......#...
#...#....#...#..Y..Y.......#...
#...#....#...#.5.Y.........#...
#...#....#...#@ยง.YY........#...
#........#...#3oF###########...
#........#...z5h.#.............
#........#..55..5#.........####
#...######.......#.......))#...
#...#....#......z#......)..#...
#...#....#.......#.....))..#...
#...#....#...#########...###.#.
#...#....#...#...#.......#...#.


You could see a ynoxinul (summoned), an orc sorcerer (ally target), 5 ufetubi, 6
friendly yaks, a friendly bullfrog (summoned), a friendly howler monkey
(summoned) and 2 friendly wights.

Vanquished Creatures
  A komodo dragon (D:8)
  2 trolls (D:9)
  Grinder (D:3)
  Sigmund (D:6)
  3 wyverns
  3 yaks (D:8)
  2 steam dragons (D:8)
  2 vampire mosquitoes (D:5)
  Menkaure (D:6)
  The ghost of liarliar the Magician, an amateur DsHW of Kikubaaqudgha (D:4)
  Edmund (D:6)
  A water moccasin (D:5)
  4 ice beasts
  An orc warrior (D:8)
  A black bear (D:4)
  An ogre (Orc:1)
  4 centaurs
  2 kobold brigands
  2 bullfrogs
  3 scorpions
  A gnoll sergeant (D:9)
  3 necrophages
  10 wights
  5 killer bees (D:9)
  A howler monkey (D:8)
  2 centaur zombies (Ossuary)
  2 gnoll boudas (D:7)
  2 human zombies (Ossuary)
  3 orc priests
  Crazy Yiuf (D:5)
  A hound (D:6)
  2 jellies (D:8)
  3 iguanas
  4 orc wizards
  A hound zombie (Ossuary)
  4 mummies
  Robin (D:3)
  8 adders
  12 gnolls
  An ufetubus (D:5)
  3 adder zombies (Ossuary)
  A worm (D:3)
  2 dart slugs
  39 orcs
  4 ball pythons
  3 endoplasms
  3 giant cockroaches (D:4)
  13 goblins
  7 hobgoblins
  3 frilled lizards
  2 gnoll zombies (Ossuary)
  2 goblin zombies (Ossuary)
  4 hobgoblin zombies (Ossuary)
  6 jackal zombies (Ossuary)
  11 kobolds
  2 kobold zombies (Ossuary)
  An orc zombie (Ossuary)
  A quokka zombie (Ossuary)
  7 rats
  5 rat zombies (Ossuary)
223 creatures vanquished.

Vanquished Creatures (collateral kills)
  A goblin (D:3)
  A hobgoblin (D:3)
2 creatures vanquished.

Vanquished Creatures (others)
  5 plants (D:8)
5 creatures vanquished.

Grand Total: 230 creatures vanquished

Notes
Turn   | Place    | Note
-------+----------+-------------------------------------------
     0 | D:1      | p00ps00p the Hill Orc Fighter began the quest for the Orb.
     0 | D:1      | Reached XP level 1. HP: 19/19 MP: 1/1
   143 | D:1      | Reached XP level 2. HP: 25/27 MP: 2/2
   963 | D:2      | Reached XP level 3. HP: 12/33 MP: 3/3
  1286 | D:2      | You fall into a shaft and drop 1 floor!
  1329 | D:3      | Noticed Grinder
  1334 | D:3      | Noticed Robin
  1340 | D:3      | Killed Robin
  1340 | D:3      | Killed Grinder
  1341 | D:3      | Reached skill level 5 in Fighting
  1341 | D:3      | Reached XP level 4. HP: 12/42 MP: 4/4
  1341 | D:3      | Reached XP level 5. HP: 14/48 MP: 5/5
  1341 | D:3      | Reached XP level 6. HP: 16/56 MP: 6/6
  1410 | D:3      | Found a snail-covered altar of Cheibriados.
  1725 | D:3      | Found an ancient bone altar of Kikubaaqudgha.
  1914 | D:4      | Found a sand-covered staircase.
  2007 | Ossuary  | Entered an ossuary
  2108 | Ossuary  | Reached skill level 5 in Axes
  2127 | Ossuary  | Reached skill level 5 in Armour
  2133 | Ossuary  | Reached skill level 5 in Shields
  2160 | Ossuary  | Reached XP level 7. HP: 61/61 MP: 7/7
  2428 | D:4      | Got Qudum's Monograph on Malediction and Convocation
  2671 | D:4      | Found a hide-covered altar of Uskayaw.
  2748 | D:4      | Found a runed translucent gate.
  2748 | D:4      | Found a runed translucent gate.
  2748 | D:4      | Found a runed translucent gate.
  2749 | D:4      | Noticed liarliar's ghost (amateur DsHW)
  2791 | D:4      | Killed liarliar's ghost
  3275 | D:5      | Entered Level 5 of the Dungeon
  3292 | D:5      | Reached XP level 8. HP: 48/71 MP: 8/8
  4880 | D:5      | Found a runed translucent door.
  4881 | D:5      | Noticed Crazy Yiuf
  4886 | D:5      | Killed Crazy Yiuf
  5029 | D:6      | Noticed Menkaure
  5031 | D:6      | Killed Menkaure
  5032 | D:6      | Reached XP level 9. HP: 80/80 MP: 9/9
  5034 | D:6      | Found a staircase to the Ecumenical Temple.
  5048 | D:6      | Noticed Sigmund
  5052 | Temple   | Entered the Ecumenical Temple
  5403 | Temple   | Became a worshipper of Gozag Ym Sagoz the Greedy
  5457 | D:6      | Killed Sigmund
  5675 | D:6      | Noticed Edmund
  5689 | D:6      | Killed Edmund
  5708 | D:6      | Found a sacrificial altar of Ru.
  6612 | D:7      | Found a radiant altar of Vehumet.
  6939 | D:7      | Found a glowing golden altar of the Shining One.
  7545 | D:8      | Reached XP level 10. HP: 76/91 MP: 10/10
  7723 | D:8      | Found a broken altar of Ashenzari.
  7747 | D:8      | Found a shadowy altar of Dithmenos.
  8071 | D:8      | Found a sparkling altar of Nemelex Xobeh.
  8409 | D:8      | Found a staircase to the Lair.
  8422 | D:8      | Reached skill level 10 in Axes
  9288 | D:9      | Found a staircase to the Orcish Mines.
  9472 | D:9      | Reached skill level 10 in Fighting
 10868 | Orc:1    | Entered Level 1 of the Orcish Mines
 11263 | Orc:1    | Noticed an orc sorcerer
 11381 | D:9      | Paralysed by an orc sorcerer for 2 turns
 11382 | D:9      | Killed from afar by an orc sorcerer

Illustrated notes

Levels and vault maps discovered:
D:1:      scummos_arrival_hexagon, layout_loops_ring, dreamdust_princess_bridge
D:2:      layout_loops_ring, minmay_stone_trees_small, minmay_vboxes
D:3:      layout_rooms, kennysheep_slug_shrine,
          mainiacjoe_overflow_cross_hatched, uniq_grinder, uniq_robin
D:4:      layout_basic, mainiacjoe_overflow_tiny_flanked,
          ebering_ghost_rock_garden, gup_ossuary_entry_pyramid,
          kennysheep_generic_room_8
D:5:      layout_loops_ring, uniq_crazy_yiuf_cottage
D:6:      layout_basic, mainiacjoe_overflow_concentric_impassable,
          minmay_temple_entry_grid, uniq_sigmund, uniq_menkaure, uniq_edmund
D:7:      layout_basic, tso_metal_star, nicolae_vehumet_radiance,
          serial_corexii_hall, chequers_hall_statues_y, corexii_hall_statues_s,
          chequers_hall_statues_y, chequers_hall_statues_y,
          corexii_hall_statues_l, chequers_hall_statues_corner_a,
          hangedman_decor_peaks_small
D:8:      layout_loops_ring, marbit_many_paths, mainiacjoe_overflow_two_lobes,
          david_lair_shrubbed
D:9:      layout_grid_maze, orc_0_dummy
Temple:   minmay_temple_forest_path
Orc:1:    layout_caves, mines2_david

Skill      XL: |  1  2  3  4  5  6  7  8  9 10 |
---------------+-------------------------------+-----
Axes           | 3 4 5 6 7 9 10 | 10.9
Fighting       | 4 5 6 7 9 10 | 10.4
Armour         | 4 5 7 8 9 |  9.5
Shields        | 4 5 6 8 9 |  9.4

Action                   |  1- 3 |  4- 6 |  7- 9 | 10-12 || total
-------------------------+-------+-------+-------+-------++-------
Melee: War axe           |    66 |   102 |   396 |    72 ||   636
       Hand axe          |       |       |       |    49 ||    49
       Flail             |       |       |       |    39 ||    39
Throw: Javelin           |       |     2 |       |       ||     2
Evoke: Wand              |       |       |    24 |     5 ||    29
  Use: Scroll            |     5 |     5 |     6 |     4 ||    20
       Potion            |     2 |       |     7 |     3 ||    12
Armor: Scale mail        |    40 |    57 |   182 |   123 ||   402
Dodge: Dodged            |    45 |    47 |   112 |   105 ||   309
Block: Buckler           |    13 |    41 |   156 |   131 ||   341

Table legend: (Time is in decaauts)
 A = Elapsed time spent in this place.
 B = Non-inter-level travel time spent in this place.
 C = Inter-level travel time spent in this place.
 D = Time resting spent in this place.
 E = Time spent auto-exploring this place.
 F = Levels seen in this place.
 G = Mean time per level.
                   A        B        C        D        E       F      G
               +--------+--------+--------+--------+--------+-----+--------+
         Total |  11423 |  10846 |    577 |   2101 |   6478 |  12 |  951.9 |
       Dungeon |  10570 |  10051 |    519 |   2101 |   6066 |   9 | 1174.4 |
        Temple |    377 |    320 |     57 |      0 |    307 |   1 |  377.0 |
  Orcish Mines |    130 |    130 |      0 |      0 |      0 |   1 |  130.0 |
       Ossuary |    345 |    345 |      0 |      0 |    105 |   1 |  345.0 |
               +--------+--------+--------+--------+--------+-----+--------+

Top non-repeatable levels by time:
     D:9: 2106 daAuts
     D:8: 1658 daAuts
     D:4: 1549 daAuts
     D:5: 1213 daAuts
     D:7: 1124 daAuts
     D:6: 979 daAuts
     D:1: 692 daAuts
     D:3: 628 daAuts
     D:2: 617 daAuts
  Temple: 377 daAuts
 Ossuary: 345 daAuts
   Orc:1: 130 daAuts
